 Dungeon Crawl Stone Soup version 0.29.0-4-gdea44cf6ec (webtiles) character file.

Game seed: 7277100388023000491

133 qw the Chopper (level 5, -2/30 HPs)
             Began as a Tengu Warper on Aug 28, 2022.
             Slain by a quokka (4 damage)
             ... on level 3 of the Dungeon.
             The game lasted 00:00:17 (3157 turns).

qw the Chopper (Tengu Warper)                       Turns: 3157, Time: 00:00:18

Health: -2/30      AC:  6    Str: 10 (13) XL:     5   Next: 16%
Magic:  9/9        EV: 12    Int: 11 (14) God:
Gold:   37         SH:  0    Dex: 12 (13) Spells: 8/8 levels left

rFire   . . .      SeeInvis .   Y - +0 hand axe
rCold   . . .      Faith    .   (no shield)
rNeg    . . .      Spirit   .   e - +0 ring mail
rPois   .          Reflect  .   (helmet restricted)
rElec   .          Harm     .   (no cloak)
rCorr   .          Rampage  .   h - +0 pair of gloves
Will    .....                   (boots unavailable)
Stlth   +.........              (no amulet)
HPRegen 0.10/turn               (no ring)
MPRegen 0.11/turn               (no ring)

@: flying quickly and evasively, quick
A: beak, talons 3, nimble flight
a: no special abilities


You were on level 3 of the Dungeon.
You visited 1 branch of the dungeon, and saw 3 of its levels.

You collected 162 gold pieces.
You spent 125 gold pieces at shops.


Innate Abilities, Weirdness & Mutations

You have a beak for a mouth.
You have claws for feet.
Your magical nature lets you fly swiftly and evasively.


   Skills:
 - Level 2.0 Fighting
 + Level 5.7 Axes
 - Level 1.0 Throwing
 - Level 1.1 Armour
 - Level 2.1 Dodging
 - Level 2.0 Spellcasting
 - Level 2.4 Translocations


You had 8 spell levels left.
You didn't know any spells.
Your spell library contained the following spells:

 Spells                   Type           Power      Damage    Failure   Level
 Blink                    Tloc           12%        N/A       38%         2
 Gell's Gravitas          Tloc           6%         N/A       63%         3
 Lesser Beckoning         Tloc           6%         N/A       63%         3
 Teleport Other           Tloc           6%         N/A       63%         3
 Manifold Assault         Tloc           6%         N/A       100%        5

Inventory:

Hand Weapons
 j - a +0 flail
 Y - a +0 hand axe (weapon)
Armour
 a - a +0 scale mail
 e - a +0 ring mail (worn)
 g - a +4 ring mail
 h - a +0 pair of gloves (worn)
Scrolls
 c - a scroll of identify
Potions
 b - a potion of might {unknown}
 f - a potion of invisibility {unknown}
 i - a potion of heal wounds {unknown}

Dungeon Overview and Level Annotations

Branches:
Dungeon (3/15)

Altars:

Shops:
D:3 *


Message History

j - a +0 flail
3051 ||| DROPPING +0 whip.
You drop a +0 whip.
An orc comes into view. It is wielding a +0 flail.
The orc shouts!
An orc is nearby!
You slash the orc!
You kill the orc!
Found a robe.
A ball python comes into view.
The ball python hisses angrily.
You hit the ball python.
You kill the ball python!
Found a stone staircase leading down.
You now have enough gold to buy a scroll labelled KOMA RUISUZY on this level, or buy a scroll labelled OGURILEAKK on this level.
You can access your shopping list by pressing '$'.
You now have 37 gold pieces (gained 17).
Enter note: A kobold comes into view.
It is wielding a +2 short sword of distortion and quivering poisoned darts.
The kobold shouts!
A quokka comes into view.
3150 ||| Stepping ~*~*~tactically~*~*~ (stealth).
You closely miss the kobold.
The kobold hits you with a +2 short sword of distortion.
Space warps around you.
You miss the kobold. Your kick misses the kobold. You peck the kobold.
The kobold is severely wounded.
The kobold hits you with a +2 short sword of distortion.
Space warps horribly around you!
You closely miss the kobold. Your kick misses the kobold.
The kobold is severely wounded.
The kobold hits you but does no damage. Space warps around you.
You closely miss the kobold. Your kick misses the kobold. You peck the kobold.
You kill the kobold!
You miss the quokka. You peck the quokka.
The quokka is almost dead.
The quokka bites you.
You closely miss the quokka. Your peck misses the quokka.
The quokka is almost dead.
The quokka bites you. x2
You die...

.########
r......>#
#r# #@# #.#
#.#
.......#
#.#
.......#
#.# .......
#.#
......##
#.#
.......#..#
#.#
.......#..#
#.#


You could see a quokka.

Vanquished Creatures
  Jessica (D:2)
  Robin (D:3)
  2 adders
  2 worms
  A dart slug (D:1)
  3 orcs (D:3)
  6 endoplasms
  A giant cockroach (D:1)
  11 goblins
  13 hobgoblins
  4 jackals (D:1)
  A quokka (D:3)
  5 ball pythons
  3 bats
  4 kobolds
58 creatures vanquished.

Notes
Turn   | Place    | Note
-------+----------+-------------------------------------------
     0 | D:1      | qw the Tengu Warper began the quest for the Orb.
     0 | D:1      | Reached XP level 1. HP: 12/12 MP: 4/4
     0 | D:1      | 0 ||| qw: Version: 0.1-a-89-g26bdef1
     0 | D:1      | 0 ||| qw: Game counter: 1303
     0 | D:1      | 0 ||| qw: Always use a shield: true
     0 | D:1      | 0 ||| qw: God list: Okawaru
     0 | D:1      | 0 ||| qw: Allow faded altars: false
     0 | D:1      | 0 ||| qw: Do Orc after D:15 true
     0 | D:1      | 0 ||| qw: Do second Lair branch before Depths: true
     0 | D:1      | 0 ||| qw: Lair rune preference: random
     0 | D:1      | 0 ||| qw: Plans: Normal
     0 | D:1      | 0 ||| PLANNING D:1-11
    35 | D:1      | Reached skill level 3 in Axes
    35 | D:1      | Reached XP level 2. HP: 7/17 MP: 6/6
   255 | D:1      | HP: 4/17 [jackal (1)]
   554 | D:1      | 554 ||| Stepping ~*~*~tactically~*~*~ (stealth).
   563 | D:1      | 563 ||| Stepping ~*~*~tactically~*~*~ (stealth).
   814 | D:1      | Reached XP level 3. HP: 17/21 MP: 7/7
   982 | D:1      | 982 ||| UPGRADING to +0 ring mail.
   992 | D:1      | 992 ||| DROPPING +0 leather armour.
   993 | D:1      | 993 ||| UPGRADING to +0 pair of gloves.
   998 | D:1      | 998 ||| READING scroll labelled KICLUE PUYCASCH.
   999 | D:1      | 999 ||| READING scroll labelled GAACIBR IR YHE.
  1000 | D:1      | 1000 ||| READING scroll labelled CEXOEWN PEAR.
  1001 | D:1      | 1001 ||| DROPPING scroll of blinking.
  1059 | D:2      | Noticed Jessica
  1060 | D:2      | 1060 ||| Stepping ~*~*~tactically~*~*~ (hiding).
  1061 | D:2      | 1061 ||| Stepping ~*~*~tactically~*~*~ (hiding).
  1070 | D:2      | 1070 ||| FLEEEEING.
  1071 | D:2      | 1071 ||| STAIRDANCE
  1200 | D:2      | 1200 ||| STAIRDANCE
  1214 | D:2      | Killed Jessica
  1215 | D:2      | Reached skill level 4 in Axes
  1217 | D:2      | Reached XP level 4. HP: 13/26 MP: 8/8
  1529 | D:2      | Found a faded altar of an unknown god.
  1633 | D:2      | 1633 ||| DROPPING +0 club.
  2175 | D:2      | 2175 ||| READING scroll labelled ICIAZI PIL.
  2373 | D:3      | Reached skill level 5 in Axes
  2386 | D:3      | 2386 ||| Stepping ~*~*~tactically~*~*~ (hiding).
  2387 | D:3      | 2387 ||| Stepping ~*~*~tactically~*~*~ (hiding).
  2433 | D:3      | 2433 ||| Stepping ~*~*~tactically~*~*~ (stealth).
  2462 | D:3      | Found Jisugung's Assorted Antiques.
  2468 | D:3      | 2468 ||| BUYING blue potion (25 gold).
  2468 | D:3      | Bought a blue potion for 25 gold pieces
  2468 | D:3      | 2468 ||| BUYING clear potion (25 gold).
  2468 | D:3      | Bought a clear potion for 25 gold pieces
  2468 | D:3      | 2468 ||| BUYING murky ruby potion (25 gold).
  2468 | D:3      | Bought a murky ruby potion for 25 gold pieces
  2468 | D:3      | 2468 ||| BUYING murky yellow potion (25 gold).
  2468 | D:3      | Bought a murky yellow potion for 25 gold pieces
  2468 | D:3      | 2468 ||| BUYING murky yellow potion (25 gold).
  2468 | D:3      | Bought a murky yellow potion for 25 gold pieces
  2468 | D:3      | 2468 ||| SHOPLISTING scroll labelled KOMA RUISUZY (28 gold,
                  | have 20).
  2468 | D:3      | 2468 ||| SHOPLISTING scroll labelled OGURILEAKK (28 gold,
                  | have 20).
  2635 | D:3      | 2635 ||| Stepping ~*~*~tactically~*~*~ (stealth).
  2647 | D:3      | Noticed Robin
  2648 | D:3      | 2648 ||| Stepping ~*~*~tactically~*~*~ (stealth).
  2651 | D:3      | 2651 ||| FLEEEEING.
  2655 | D:3      | 2655 ||| Stepping ~*~*~tactically~*~*~ (stealth).
  2656 | D:3      | 2656 ||| Stepping ~*~*~tactically~*~*~ (stealth).
  2660 | D:3      | 2660 ||| FLEEEEING.
  2661 | D:3      | 2661 ||| Stepping ~*~*~tactically~*~*~ (stealth).
  2681 | D:3      | 2681 ||| FLEEEEING.
  2682 | D:3      | 2682 ||| FLEEEEING.
  2683 | D:3      | 2683 ||| FLEEEEING.
  2685 | D:3      | 2685 ||| STAIRDANCE
  2749 | D:2      | 2749 ||| READING scroll labelled XODDIE TAUTAT.
  2750 | D:2      | 2750 ||| READING scroll labelled JYLAUD IFAWU.
  2851 | D:2      | 2851 ||| DRINKING 2 blue potions.
  2852 | D:2      | 2852 ||| DRINKING 3 murky yellow potions.
  2853 | D:2      | 2853 ||| DROPPING potion of attraction.
  2854 | D:2      | 2854 ||| DROPPING 2 potions of degeneration.
  2894 | D:3      | 2894 ||| Stepping ~*~*~tactically~*~*~ (stealth).
  2937 | D:3      | 2937 ||| Stepping ~*~*~tactically~*~*~ (stealth).
  2938 | D:3      | 2938 ||| Stepping ~*~*~tactically~*~*~ (stealth).
  2974 | D:3      | Killed Robin
  2975 | D:3      | Gained mutation: Your magical nature lets you fly swiftly
                  | and evasively. [Tengu growth]
  2975 | D:3      | Reached XP level 5. HP: 29/30 MP: 9/9
  3018 | D:3      | 3018 ||| Stepping ~*~*~tactically~*~*~ (stealth).
  3022 | D:3      | 3022 ||| FLEEEEING.
  3024 | D:3      | 3024 ||| FLEEEEING.
  3025 | D:3      | 3025 ||| FLEEEEING.
  3027 | D:3      | 3027 ||| FLEEEEING.
  3028 | D:3      | 3028 ||| FLEEEEING.
  3051 | D:3      | 3051 ||| DROPPING +0 whip.
  3150 | D:3      | 3150 ||| Stepping ~*~*~tactically~*~*~ (stealth).
  3154 | D:3      | HP: 6/30 [kobold/+2 short sword of distortion (5)]
  3157 | D:3      | HP: 2/30 [quokka (4)]
  3157 | D:3      | Slain by a quokka

Levels and vault maps discovered:
D:1:      wander_arrival_desolate, layout_rooms
D:2:      layout_basic, chequers_ecumenical_altar_twisty, minmay_fountain_box,
          minivault_14, uniq_jessica
D:3:      layout_basic, mainiacjoe_overflow_alcove_1, grunt_gozag_statues,
          serial_shops, nicolae_shop_statue_plus, uniq_robin

Skill      XL: |  1  2  3  4 |
---------------+-------------+-----
Axes           | 3 4 5 |  5.7
Fighting       | |  2.0
Throwing       | |  1.0
Armour         | |  1.1
Dodging        | |  2.1
Spellcasting   | |  2.0
Translocations | |  2.4

Action                   |  1- 3 |  4- 6 || total
-------------------------+-------+-------++-------
Melee: Hand axe          |    56 |    76 ||   132
       Kick              |    16 |    19 ||    35
       Peck              |    10 |    11 ||    21
Throw: Boomerang         |     7 |       ||     7
  Use: Scroll            |     3 |     3 ||     6
       Potion            |       |     2 ||     2
Armor: Leather armour    |    11 |       ||    11
       Ring mail         |     2 |    24 ||    26
Dodge: Dodged            |    24 |    34 ||    58

Table legend:
 A = Non-vault XP
 B = Vault XP
 C = Vault XP percentage of total XP
 D = Non-vault monster count
 E = Vault monster count
 F = Vault count percentage of total count
                 A         B        C        D         E       F
            +---------+---------+-------+---------+---------+-------
      Total |     115 |      76 |  39.8 |      44 |      14 |  24.1
            +---------+---------+-------+---------+---------+-------
        D:1 |      42 |       0 |   0.0 |      23 |       0 |   0.0
        D:2 |      28 |      37 |  56.9 |       7 |       1 |  12.5
        D:3 |      45 |      39 |  46.4 |      14 |      13 |  48.1
            +---------+---------+-------+---------+---------+-------
